 Dungeon Crawl Stone Soup version 0.29-a0-872-g797fff5ad1 (webtiles) character file.

Game seed: 15824915147518243517

704 27snakeeyes612 the Trooper (level 7, -5/63 HPs)
             Began as a Purple Draconian Berserker on July 18, 2022.
             Slain by a polar bear (19 damage)
             ... created by the rage of Trog
             ... on level 3 of the Dungeon.
             The game lasted 00:03:30 (4132 turns).

27snakeeyes612 the Trooper (DrBe)                   Turns: 4132, Time: 00:03:31

Health: -5/63      AC:  9    Str: 21    XL:     7   Next: 39%
Magic:  7/7        EV: 13    Int:  8    God:
Gold:   134        SH:  0    Dex: 10    Spells: 6/6 levels left

rFire   . . .      SeeInvis .   a - +0 hand axe
rCold   . . .      Faith    .   (no shield)
rNeg    . . .      Spirit   .   (body armour unavailable)
rPois   .          Reflect  .   (helmet restricted)
rElec   .          Harm     .   j - +1 cloak
rCorr   .          Rampage  .   (no gloves)
Will    +....                   o - +0 pair of boots
Stlth   +.........              (no amulet)
HPRegen 0.20/turn               c - ring of flight
MPRegen 0.10/turn               (no ring)

@: short of breath, flying
A: breathe power, AC +6, unfitting armour, cold-blooded
a: Breathe Dispelling Energy


You were on level 3 of the Dungeon.
You visited 1 branch of the dungeon, and saw 3 of its levels.
You also visited: Sewer.

You collected 134 gold pieces.

Inventory:

Hand Weapons
 a - a +0 hand axe (weapon)
Armour
 j - a +1 cloak (worn)
 o - a +0 pair of boots (worn)
Jewellery
 c - a ring of flight (left hand)
Scrolls
 b - 3 scrolls of identify {unknown}
 e - a scroll of silence {unknown}
 g - 2 scrolls of magic mapping {unknown}
 i - 2 scrolls of teleportation {unknown}
Potions
 d - 2 potions of resistance {unknown}
 f - 3 potions of heal wounds {unknown}
 h - 3 potions of flight {unknown}
 k - a potion of might {unknown}
 l - a potion of haste {unknown}
 m - 3 potions of brilliance {unknown}
 n - a potion of mutation {unknown}


   Skills:
 + Level 6.1 Fighting
 + Level 5.5 Axes
 + Level 5.0 Dodging


You had 6 spell levels left.
You didn't know any spells.
Your spell library contained the following spells:

 Spells                   Type           Power      Damage    Failure   Level
 Beastly Appendage        Tmut           0%         N/A       41%         1
 Wereblood                Tmut           0%         N/A       54%         2
 Spider Form              Tmut/Pois      0%         N/A       78%         3


Dungeon Overview and Level Annotations

Branches:
Dungeon (3/15)              Sewer (visited)

Altars:
Sif Muna


Innate Abilities, Weirdness & Mutations

You can breathe bolts of dispelling energy.
Your rich purple scales are hard. (AC +6)
You cannot fit into any form of body armour.
You are cold-blooded and may be slowed by cold attacks.


Message History

The orc misses you.
You are too injured to fight recklessly!
You are too injured to fight recklessly!
You are too injured to fight recklessly!
You are too injured to fight recklessly!
You are too injured to fight recklessly!
You are too injured to fight recklessly!
You are too injured to fight recklessly!
You are too injured to fight recklessly!
You are too injured to fight recklessly!
You are too injured to fight recklessly!
You are too injured to fight recklessly!
You are too injured to fight recklessly!
You are too injured to fight recklessly!
Aiming: Breathe Dispelling Energy (5% risk of failure)
Press: ? - help, Shift-Dir - straight line, f - polar bear
Aim: a polar bear (durably summoned, berserk, 65% to hit)
You breathe a bolt of dispelling energy.
The bolt of dispelling energy hits the polar bear.
The polar bear is lightly wounded.
The bolt of dispelling energy hits the polar bear.
The polar bear is lightly wounded.
The black bear rages.
The polar bear bites you. The polar bear barely misses you.
The polar bear claws you but does no damage.
The orc misses you. The polar bear misses you. The polar bear claws you.
The polar bear claws you but does no damage.
You hit the orc.
Your tail-slap misses the orc.
The orc is moderately wounded.
You hit the polar bear but do no damage.
The polar bear barely misses you. The polar bear claws you.
* * * LOW HITPOINT WARNING * * *
The polar bear claws you.
* * * LOW HITPOINT WARNING * * *
The orc barely misses you.
You hit the orc.
You kill the orc!
You hit the polar bear but do no damage.
The polar bear bites you!!
You die...

#...........##
#######..†...#
#.##.#.# #.##.#.#
#.##.#.# #.#..#.# ##
###.#.##.# .. .
.........#####o#...#
..........hh@)o.....
.#......######h#...#
##.....# # # #.....#
######## #....##
#≈#≈.#≈### ......
#≈#≈##≈≈≈# ##.###
#≈#≈##≈#≈# #.
#≈#≈≈#≈#†#
#≈##≈#≈#≈#


You could see 2 polar bears, a black bear (berserk), an orc priest and an orc.

Vanquished Creatures
  Grinder (Sewer)
  A kobold brigand (Sewer)
  A necrophage (Sewer)
  A wight (Sewer)
  An orc priest (D:3)
  Crazy Yiuf (D:2)
  Natasha (thrice) (D:2)
  4 adders
  4 river rats (D:3)
  3 ufetubi (Sewer)
  4 worms
  A dart slug (D:3)
  An orc (D:3)
  9 endoplasms
  2 giant cockroaches
  4 goblins
  9 hobgoblins
  7 jackals
  12 ball pythons
  3 bats (D:2)
  2 frilled lizards (D:1)
  27 kobolds
  7 rats
108 creatures vanquished.

Notes
Turn   | Place    | Note
-------+----------+-------------------------------------------
     0 | D:1      | 27snakeeyes612 the Draconian Berserker began the quest for
                  | the Orb.
     0 | D:1      | Reached XP level 1. HP: 19/19 MP: 1/1
   331 | D:1      | Reached XP level 2. HP: 26/26 MP: 2/2
   713 | D:1      | Reached XP level 3. HP: 28/33 MP: 3/3
  1022 | D:2      | Reached ** piety under Trog
  1117 | D:2      | Reached skill level 4 in Fighting
  1171 | D:2      | Found a shimmering blue altar of Sif Muna.
  1199 | D:2      | Noticed Natasha
  1209 | D:2      | Killed Natasha
  1210 | D:2      | Reached XP level 4. HP: 27/40 MP: 4/4
  1259 | D:2      | Noticed Natasha
  1267 | D:2      | Killed Natasha
  1453 | D:2      | Noticed Natasha
  1462 | D:2      | Killed Natasha
  1734 | D:2      | Reached XP level 5. HP: 46/47 MP: 5/5
  1762 | D:2      | Found a faded altar of an unknown god.
  1844 | D:2      | Found a runed translucent door.
  1845 | D:2      | Noticed Crazy Yiuf
  2217 | D:2      | Killed Crazy Yiuf
  2633 | D:3      | Found a glowing drain.
  2638 | Sewer    | Entered a sewer
  2707 | Sewer    | Reached *** piety under Trog
  2752 | Sewer    | Found an ancient bone altar of Kikubaaqudgha.
  2763 | Sewer    | Reached skill level 5 in Fighting
  2769 | Sewer    | Reached XP level 6. HP: 28/55 MP: 6/6
  3192 | Sewer    | Noticed Grinder
  3218 | Sewer    | Paralysed by Grinder for 2 turns
  3222 | Sewer    | Killed Grinder
  3223 | Sewer    | Reached skill level 5 in Axes
  3223 | Sewer    | Your scales start taking on a rich purple colour.
  3223 | Sewer    | Reached XP level 7. HP: 61/62 MP: 7/7
  3375 | Sewer    | Reached skill level 6 in Fighting
  3593 | D:3      | Reached skill level 5 in Dodging
  3887 | D:3      | Fell from the grace of Trog
  4128 | D:3      | Noticed a polar bear
  4128 | D:3      | Noticed a polar bear
  4132 | D:3      | Slain by a polar bear

Illustrated notes

Levels and vault maps discovered:
D:1:      dpeg_arrival_more_subterranean_lakeside_camping, layout_loops_ring
D:2:      layout_loops_cross, ebering_ecumenical_altar_box, basic_altar,
          minmay_surrounded, uniq_natasha, uniq_crazy_yiuf_cottage
D:3:      layout_loops_corners, lightli_sewer_entry_pipes,
          chequers_serial_rivers_micro_d, grunt_decor_clamped

Skill      XL: |  1  2  3  4  5  6  7 |
---------------+----------------------+-----
Dodging        | 3 4 5 |  5.0
Fighting       | 4 5 6 |  6.1
Axes           | 4 5 |  5.5

Action                   |  1- 3 |  4- 6 |  7- 9 || total
-------------------------+-------+-------+-------++-------
Melee: Hand axe          |    96 |   173 |    91 ||   360
       Tailslap          |    10 |    16 |    12 ||    38
       Punch             |     3 |     2 |       ||     5
Invok: Berserk           |       |     4 |       ||     4
       Trog's Hand       |       |     1 |       ||     1
       Renounce Religion |       |       |     1 ||     1
 Abil: Breathe Dispellin |       |       |     2 ||     2
 Stab: Sleeping          |       |     1 |     1 ||     2
Armor: Skin              |    21 |    58 |    20 ||    99
Dodge: Dodged            |    61 |   107 |    56 ||   224

Table legend: (Time is in decaauts)
 A = Elapsed time spent in this place.
 B = Non-inter-level travel time spent in this place.
 C = Inter-level travel time spent in this place.
 D = Time resting spent in this place.
 E = Time spent auto-exploring this place.
 F = Levels seen in this place.
 G = Mean time per level.
                   A        B        C        D        E       F      G
               +--------+--------+--------+--------+--------+-----+--------+
         Total |   4211 |   4134 |     77 |    649 |   2765 |   4 | 1052.8 |
       Dungeon |   3425 |   3348 |     77 |    241 |   2597 |   3 | 1141.7 |
         Sewer |    785 |    785 |      0 |    408 |    168 |   1 |  785.0 |
               +--------+--------+--------+--------+--------+-----+--------+

Top non-repeatable levels by time:
     D:2: 1309 daAuts
     D:3: 1098 daAuts
     D:1: 1017 daAuts
   Sewer: 785 daAuts
